Map: Tourmaline LE

Players

ONSYDERyung (Ryung) - Winner!

  • Race: Terran Terran
  • Spawn Location: 1:00

Zargrash

  • Race: Protoss Protoss
  • Spawn Location: 7:00

VOD

Have the link to the VOD?

Description

Time

  • Played on: April 13, 2026, 6:16 a.m.
  • Length: 8:28
Show
View Real Time Build Order
Export as new Build Order

ONSYDERyung Terran - Winner!

Build Orders:  

Get SALT Encoding   

  12  0:00  SCV  
  13  0:12  SCV  
  14  0:17  Supply Depot  
  14  0:24  SCV  
  15  0:38  SCV  
  15  0:39  Barracks  
  16  0:42  Refinery  
  16  0:50  SCV  
  16  0:52  Refinery  
  17  1:02  SCV  
  18  1:15  SCV  
  19  1:21  Supply Depot  
  19  1:27  Reaper, Orbital Command  
  20  1:40  Factory  
  20  1:54  SCV  
  21  1:59  Reaper  
  22  2:06  SCV  
  23  2:18  SCV  
  23  2:19  Command Center  
  24  2:25  Hellion  
  26  2:30  SCV  
  26  2:34  Supply Depot  
  26  2:36  Reaper  
  28  2:42  SCV  
  29  2:46  Hellion  
  31  2:56  Starport, SCV  
  32  3:08  Widow Mine, SCV, Barracks Reactor  
  35  3:17  Barracks  
  35  3:20  SCV  
  36  3:29  Widow Mine  
  36  3:32  Medivac, SCV  
  41  3:35  Orbital Command  
  41  3:44  SCV  
  41  3:46  Marine  
  41  3:47  Marine  
  44  3:50  Factory Tech Lab  
  44  3:56  SCV, Supply Depot  
  44  4:02  SCV  
  46  4:04  Marine x2  
  46  4:05  Starport Tech Lab  
  46  4:08  SCV  
  49  4:10  Supply Depot  
  49  4:12  Siege Tank  
  49  4:16  SCV  
  53  4:20  SCV  
  53  4:23  Raven  
  56  4:25  Supply Depot  
  56  4:28  SCV  
  57  4:32  Bunker  
  57  4:33  SCV, Marine x3  
  61  4:44  Siege Tank  
  61  4:45  SCV x2  
  64  4:55  Barracks  
  64  4:57  SCV x2  
  64  5:03  Refinery  
  64  5:04  Engineering Bay  
  64  5:07  Refinery  
  64  5:08  Stimpack  
  64  5:09  SCV x2  
  66  5:16  Marine x3  
  70  5:21  SCV x2  
  70  5:25  Supply Depot x2  
  71  5:33  SCV x2  
  71  5:34  Factory Reactor  
  71  5:35  Starport Reactor, Marine x3  
  74  5:37  Terran Infantry Weapons Level 1  
  76  5:45  SCV x2  
  76  5:49  Supply Depot  
  78  5:50  Combat Shield  
  78  5:52  Supply Depot  
  78  5:53  Marine x2, Marauder  
  78  5:54  Marauder  
  84  6:11  Marine x2  
  85  6:14  Medivac, Widow Mine x2, Marauder  
  85  6:15  Marauder  
  96  6:21  Command Center  
  96  6:28  Marine  
  96  6:33  Medivac  
  96  6:36  Marauder x2  
  96  6:37  Barracks  
  96  6:38  Marine  
  103  6:41  Widow Mine  
  101  6:56  Medivac, Widow Mine  
  101  6:57  Marauder  
  101  6:58  Marauder  
  101  7:00  Marine x2  
  108  7:03  Barracks, Widow Mine  
  108  7:06  Supply Depot  
  110  7:13  Medivac  
  110  7:14  SCV x2, Supply Depot  
  114  7:18  Marine  
  114  7:19  Marauder  
  117  7:26  SCV  
  117  7:28  Medivac, Marauder, Widow Mine x2  
  126  7:30  Barracks Reactor  
  126  7:32  SCV  
  127  7:38  SCV  
  127  7:40  Marauder  
  130  7:44  Orbital Command, SCV  
  130  7:46  Marine  
  130  7:49  Barracks Tech Lab, Marauder  
  130  7:50  SCV, Supply Depot  
  135  7:54  Marine  
  135  7:56  SCV  
  136  8:02  SCV  
  137  8:07  Marine x2  
  137  8:09  SCV x2  
Show
View Real Time Build Order
Export as new Build Order

Zargrash Protoss 

Build Orders: 1 Gate Expand, Blink Stalkers 

Get SALT Encoding   

  12  0:00  Probe  
  13  0:12  Probe  
  14  0:17  Pylon  
  14  0:24  Probe  
  15  0:32  Probe  
  15  0:37  Gateway  
  15  0:40  Probe  
  16  0:45  Assimilator  
  17  0:51  Probe  
  18  1:03  Probe  
  19  1:15  Probe  
  20  1:24  Cybernetics Core  
  20  1:33  Probe  
  20  1:34  Nexus  
  21  1:42  Pylon  
  21  1:46  Probe  
  22  1:50  Assimilator, Adept  
  22  1:58  Probe  
  25  2:01  Warp Gate  
  24  2:10  Probe, Adept  
  25  2:22  Probe  
  28  2:26  Twilight Council  
  28  2:34  Probe  
  29  2:37  Stalker  
  29  2:42  Blink, Probe  
  31  2:46  Probe  
  31  2:50  Probe  
  33  2:56  Gateway  
  34  2:58  Probe  
  34  3:01  Shield Battery  
  34  3:02  Probe  
  36  3:13  Probe  
  36  3:16  Probe  
  38  3:22  Robotics Facility  
  38  3:27  Probe  
  38  3:28  Probe  
  40  3:35  Pylon  
  40  3:39  Probe  
  40  3:40  Probe  
  42  3:49  Stalker  
  42  3:50  Stalker  
  42  3:53  Probe x2  
  48  4:05  Nexus  
  48  4:07  Pylon  
  48  4:09  Probe  
  49  4:11  Observer  
  49  4:13  Probe  
  49  4:16  Stalker  
  53  4:18  Assimilator  
  53  4:22  Probe  
  54  4:25  Probe  
  54  4:26  Pylon  
  54  4:28  Stalker  
  54  4:29  Observer  
  58  4:34  Forge  
  58  4:36  Probe  
  58  4:38  Probe  
  60  4:46  Charge  
  60  4:51  Probe x2  
  60  4:53  Protoss Ground Armor Level 1  
  60  5:03  Probe x2  
  60  5:05  Stalker  
  64  5:15  Probe x2  
  64  5:17  Shield Battery, Probe  
  67  5:22  Gateway  
  67  5:23  Gateway  
  67  5:26  Probe  
  67  5:27  Probe x2  
  69  5:34  Sentry, Probe  
  72  5:39  Probe x2  
  72  5:40  Gateway  
  75  5:42  Gateway  
  75  5:43  Probe  
  75  5:45  Pylon  
  76  5:51  Probe  
  76  5:52  Gateway  
  76  5:55  Gateway  
  77  5:57  Immortal  
  77  6:03  Pylon  
  81  6:07  Zealot x2  
  83  6:11  Probe x2  
  83  6:18  Zealot x2  
  89  6:28  Pylon, Immortal  
  89  6:29  Pylon  
  89  6:34  Stalker x2  
  89  6:36  Sentry  
  99  6:43  Probe  
  97  6:58  Warp Prism  
  96  7:04  Nexus  
  96  7:05  Pylon  
  98  7:10  Probe x3  
  101  7:22  Zealot x7  
  115  7:24  Zealot  
  115  7:27  Probe  
  115  7:28  Probe x2  
  120  7:33  Shield Battery  
  120  7:35  Robotics Bay  
  119  7:46  Probe x3  
  119  7:51  Zealot  
  124  7:53  Pylon  
  124  7:54  Pylon  
  125  7:58  Probe  
  125  8:00  Robotics Facility  
  125  8:01  Probe x2  
  125  8:12  Zealot x8  
Tags
 
Composition
Blink Stalkers
Matchup
PvT
Player
Ryung
Spawn Locations
Cross Positions
Add a new tag
Caveats
  • Supply blocks, unpowered buildings, or Contaminate may cause inaccurate times.
  • Supply counts are checked every 10 seconds.